AoeStats
← JamesNewstedd

Lombardia

509696051Analyzed
4v4 RM · 4d ago on Sep 27, 2026· 57m 25s· 8 players
Game mode
Random Map
Map size
Large (8 player)
Population
200
Speed
Normal
Resources
Standard
Victory
Conquest
Starting age
Dark Age
Ending age
Imperial Age
RankedLock teamsTeams togetherTeam positionsShared explorationLock speedFull tech treeHidden civsTurbo modeCheats
Victory
Defeat
🇺🇸 Saxons · United States
1621
+11
🇳🇱 Danes · Netherlands
1508
+15
🇺🇸 Varangians · United States
1469
+17
🇮🇳 Italians · India
1452
+18
🇩🇪 Khmer · Germany
1607
-19
🇩🇪 Cumans · Germany
1563
-18
🇩🇪 Hindustanis · Germany
1542
-17
🇩🇪 Saxons · Germany
1265
-7
Öl1ng
10:58 Feudal Age
14:35 Castle Age
12:46 Double-Bit Axe
13:13 Horse Collar
17:57 Bow Saw
20:43 Heavy Plow
23:21 Wheelbarrow
22:33 Town Watch
22:35 Loom
24:10 Gold Mining
24:38 Stone Mining
27:48 Imperial Age
25:39 Scale Barding Armor
26:18 Hand Cart
26:22 Bloodlines
27:06 Chain Barding Armor
26:48 Husbandry
26:08 Light Cavalry
29:46 Plate Barding Armor
29:43 Forging
29:35 Fletching
29:41 Hussar
31:30 Heavy Scorpion
33:05 Siege Engineers
33:24 Ballistics
34:05 Chemistry
33:47 Masonry
34:15 Crop Rotation
35:36 Iron Casting
37:45 Blast Furnace
39:17 Architecture
38:59 Fortified Wall
39:01 Caravan
39:32 Coinage
40:08 Double Crossbow
40:28 Conscription
40:47 Hoardings
41:42 Banking
44:04 Bodkin Arrow
45:16 Elite Battle Elephant
46:02 Tusk Swords
JamesNewstedd
8:49 Feudal Age
9:23 Double-Bit Axe
10:50 Horse Collar
16:02 Wheelbarrow
18:12 Gold Mining
20:35 Castle Age
21:34 Caravan
22:54 Bow Saw
23:11 Stone Mining
26:30 Hand Cart
26:53 Gold Shaft Mining
26:49 Scale Barding Armor
27:49 Chain Barding Armor
28:58 Bloodlines
29:37 Forging
30:34 Heavy Plow
30:30 Town Watch
32:48 Iron Casting
36:09 Imperial Age
34:25 Capped Ram
37:36 Plate Barding Armor
37:00 Elite Steppe Lancer
41:31 Blast Furnace
40:23 Fletching
40:47 Light Cavalry
40:49 Cavalier
45:09 Guilds
45:30 Coinage
45:17 Paladin
45:18 Hussar
46:27 Conscription
46:10 Steppe Husbandry
47:29 Banking
49:03 Crop Rotation
49:39 Two-Man Saw
Itzknixi
10:40 Feudal Age
14:12 Horse Collar
15:13 Loom
18:13 Castle Age
16:44 Man-at-Arms
17:21 Double-Bit Axe
19:13 Bow Saw
23:11 Forging
23:02 Scale Mail Armor
23:47 Gold Mining
26:32 Iron Casting
26:15 Chain Mail Armor
32:25 Stone Mining
32:19 Clerical Recruitment
37:06 Imperial Age
35:19 Redemption
39:58 Squires
41:10 Wheelbarrow
44:38 Elite Varangian Guard
46:20 Heavy Plow
46:28 Caravan
46:54 Hand Cart
48:55 Capped Ram
SvenVonE ツ
6:45 Loom
9:26 Feudal Age
10:18 Double-Bit Axe
12:08 Horse Collar
19:02 Wheelbarrow
21:07 Castle Age
19:53 Scale Barding Armor
20:49 Forging
21:30 Bloodlines
23:23 Bow Saw
23:51 Chain Barding Armor
23:36 Gold Mining
27:21 Heavy Plow
31:17 Iron Casting
32:32 Hand Cart
32:58 Husbandry
34:24 Town Watch
37:14 Imperial Age
34:56 Fortified Wall
38:35 Plate Barding Armor
37:22 Heavy Camel Rider
39:09 Blast Furnace
40:05 Chemistry
39:45 Shatagni
40:54 Conscription
40:58 Padded Archer Armor
42:27 Leather Archer Armor
43:40 Ring Archer Armor
42:39 Light Cavalry
43:39 Hussar
45:04 Caravan
48:09 Gold Shaft Mining
Step-Lancer
9:15 Feudal Age
7:52 Loom
14:11 Castle Age
13:17 Double-Bit Axe
20:06 Wheelbarrow
21:03 Bow Saw
22:36 Hand Cart
22:25 Town Watch
22:28 Horse Collar
23:13 Fletching
24:23 Bodkin Arrow
24:38 Heavy Plow
29:29 Imperial Age
28:55 Ballistics
28:57 Padded Archer Armor
30:38 Conscription
30:39 Bracer
30:56 Leather Archer Armor
31:42 Chemistry
30:53 Masonry
31:08 Conscription
31:57 Hoardings
32:25 Scale Mail Armor
32:36 Forging
32:50 Elite Genoese Crossbowman
34:37 Ring Archer Armor
34:51 Squires
34:38 Arson
35:37 Gold Mining
39:18 Architecture
39:49 Chain Mail Armor
40:10 Iron Casting
40:25 Town Patrol
40:17 Stone Mining
41:31 Bloodlines
41:21 Husbandry
40:42 Light Cavalry
42:39 Guilds
42:32 Caravan
42:45 Hussar
43:33 Scale Barding Armor
44:13 Coinage
45:26 Silk Road
45:44 Banking
48:58 Chain Barding Armor
49:56 Blast Furnace
50:52 Thumb Ring
51:30 Guard Tower
51:21 Treadmill Crane
51:52 Fortified Wall
51:27 Treadmill Crane
53:20 Plate Barding Armor
58:21 Plate Mail Armor
[RAT] Havik_AoE
8:39 Loom
10:28 Feudal Age
10:33 Loom
11:11 Double-Bit Axe
11:11 Horse Collar
11:19 Man-at-Arms
18:23 Castle Age
16:39 Arson
17:13 Scale Mail Armor
17:39 Gold Mining
18:48 Wheelbarrow
19:23 Bow Saw
20:52 Heavy Plow
20:53 Pikeman
21:54 Squires
21:42 Gambesons
24:51 Chain Mail Armor
28:37 Hand Cart
29:31 Town Watch
35:55 Imperial Age
35:34 Gold Shaft Mining
36:01 Onager
38:30 Siege Engineers
39:27 Conscription
39:55 Siege Onager
40:44 Halberdier
42:47 Plate Mail Armor
42:32 Northmen's Fury
43:26 Capped Ram
45:10 Forging
44:27 Hamask
45:12 Fletching
45:34 Siege Ram
48:00 Hoardings
49:10 Iron Casting
48:35 Stone Mining
52:01 Caravan
57:57 Blast Furnace
Lefty_Sexton
9:40 Feudal Age
9:40 Loom
11:53 Double-Bit Axe
11:49 Horse Collar
15:49 Castle Age
14:05 Double-Bit Axe
14:02 Horse Collar
19:13 Heavy Plow
19:25 Bow Saw
22:45 Bloodlines
23:39 Forging
24:53 Wheelbarrow
26:57 Hand Cart
33:06 Imperial Age
32:23 Scale Barding Armor
32:54 Iron Casting
33:15 Cavalier
33:56 Husbandry
34:17 Chain Barding Armor
33:49 Fletching
35:21 Blast Furnace
34:08 Elite Varangian Guard
34:50 Scale Mail Armor
35:51 Conscription
35:06 Pikeman
36:25 Plate Barding Armor
37:13 Two-Man Saw
36:07 Gold Mining
36:08 Stone Mining
36:58 Squires
39:09 Chain Mail Armor
38:50 Bodkin Arrow
39:55 Halberdier
43:18 Caravan
45:12 Plate Mail Armor
44:43 Padded Archer Armor
46:56 Bracer
47:12 Leather Archer Armor
48:23 Coinage
47:32 Light Cavalry
48:16 Arson
48:47 Hussar
49:48 Town Watch
56:01 Banking
55:12 Vendel Legacy
[RAT] Spencer
8:36 Loom
11:17 Feudal Age
12:37 Town Watch
15:38 Castle Age
14:05 Double-Bit Axe
14:23 Horse Collar
16:40 Bow Saw
21:24 Wheelbarrow
22:27 Heavy Plow
23:15 Scale Mail Armor
23:32 Forging
24:30 Fletching
25:24 Bodkin Arrow
25:38 Guard Tower
27:24 Hand Cart
29:47 Imperial Age
28:32 Ballistics
28:40 Stone Mining
28:41 Gold Mining
30:54 Bracer
31:56 Chemistry
32:18 Keep
32:33 Chain Mail Armor
32:54 Iron Casting
33:20 Man-at-Arms
34:01 Squires
33:48 Gambesons
34:19 Long Swordsman
36:37 Conscription
35:41 Shield Wall
36:22 Two-Handed Swordsman
37:38 Plate Mail Armor
37:12 Champion
37:59 Arson
38:41 Town Patrol
40:49 Caravan
40:37 Capped Ram
41:05 Arrowslits
41:01 Treadmill Crane
41:31 Masonry
41:27 Siege Engineers
41:18 Murder Holes
41:46 Siege Ram
44:43 Architecture
44:37 Conscription
45:10 Guilds
45:37 Pikeman
47:30 Halberdier
56:25 Fortified Wall
Connection lost

Rejoining the realm…

Still unreachable

The connection could not be restored.

Session expired

The server has moved on; the page needs a fresh start.